%YAML 1.1
%TAG !u! tag:unity3d.com,2011:
--- !u!1 &2323544199280262652
GameObject:
  m_ObjectHideFlags: 0
  m_CorrespondingSourceObject: {fileID: 0}
  m_PrefabInstance: {fileID: 0}
  m_PrefabAsset: {fileID: 0}
  serializedVersion: 6
  m_Component:
  - component: {fileID: 2323544199280262653}
  m_Layer: 6
  m_Name: door purple ready
  m_TagString: Untagged
  m_Icon: {fileID: 0}
  m_NavMeshLayer: 0
  m_StaticEditorFlags: 0
  m_IsActive: 1
--- !u!4 &2323544199280262653
Transform:
  m_ObjectHideFlags: 0
  m_CorrespondingSourceObject: {fileID: 0}
  m_PrefabInstance: {fileID: 0}
  m_PrefabAsset: {fileID: 0}
  m_GameObject: {fileID: 2323544199280262652}
  m_LocalRotation: {x: 0, y: 0, z: 0, w: 1}
  m_LocalPosition: {x: -56.732185, y: 0, z: 54.21515}
  m_LocalScale: {x: 1, y: 1, z: 1}
  m_ConstrainProportionsScale: 0
  m_Children:
  - {fileID: 2861011024516094571}
  - {fileID: 2861011023851022772}
  m_Father: {fileID: 0}
  m_RootOrder: 0
  m_LocalEulerAnglesHint: {x: 0, y: 0, z: 0}
--- !u!1001 &2323544197912558976
PrefabInstance:
  m_ObjectHideFlags: 0
  serializedVersion: 2
  m_Modification:
    m_TransformParent: {fileID: 2323544199280262653}
    m_Modifications:
    - target: {fileID: -8679921383154817045, guid: 9e7e833dfcd3cad4c84fd9558e604e4e,
        type: 3}
      propertyPath: m_RootOrder
      value: 0
      objectReference: {fileID: 0}
    - target: {fileID: -8679921383154817045, guid: 9e7e833dfcd3cad4c84fd9558e604e4e,
        type: 3}
      propertyPath: m_LocalPosition.x
      value: 0
      objectReference: {fileID: 0}
    - target: {fileID: -8679921383154817045, guid: 9e7e833dfcd3cad4c84fd9558e604e4e,
        type: 3}
      propertyPath: m_LocalPosition.y
      value: 0
      objectReference: {fileID: 0}
    - target: {fileID: -8679921383154817045, guid: 9e7e833dfcd3cad4c84fd9558e604e4e,
        type: 3}
      propertyPath: m_LocalPosition.z
      value: 0
      objectReference: {fileID: 0}
    - target: {fileID: -8679921383154817045, guid: 9e7e833dfcd3cad4c84fd9558e604e4e,
        type: 3}
      propertyPath: m_LocalRotation.w
      value: 1
      objectReference: {fileID: 0}
    - target: {fileID: -8679921383154817045, guid: 9e7e833dfcd3cad4c84fd9558e604e4e,
        type: 3}
      propertyPath: m_LocalRotation.x
      value: -0
      objectReference: {fileID: 0}
    - target: {fileID: -8679921383154817045, guid: 9e7e833dfcd3cad4c84fd9558e604e4e,
        type: 3}
      propertyPath: m_LocalRotation.y
      value: -0
      objectReference: {fileID: 0}
    - target: {fileID: -8679921383154817045, guid: 9e7e833dfcd3cad4c84fd9558e604e4e,
        type: 3}
      propertyPath: m_LocalRotation.z
      value: -0
      objectReference: {fileID: 0}
    - target: {fileID: -8679921383154817045, guid: 9e7e833dfcd3cad4c84fd9558e604e4e,
        type: 3}
      propertyPath: m_LocalEulerAnglesHint.x
      value: 0
      objectReference: {fileID: 0}
    - target: {fileID: -8679921383154817045, guid: 9e7e833dfcd3cad4c84fd9558e604e4e,
        type: 3}
      propertyPath: m_LocalEulerAnglesHint.y
      value: 0
      objectReference: {fileID: 0}
    - target: {fileID: -8679921383154817045, guid: 9e7e833dfcd3cad4c84fd9558e604e4e,
        type: 3}
      propertyPath: m_LocalEulerAnglesHint.z
      value: 0
      objectReference: {fileID: 0}
    - target: {fileID: 919132149155446097, guid: 9e7e833dfcd3cad4c84fd9558e604e4e,
        type: 3}
      propertyPath: m_Name
      value: door wall 1x1 purple
      objectReference: {fileID: 0}
    - target: {fileID: 919132149155446097, guid: 9e7e833dfcd3cad4c84fd9558e604e4e,
        type: 3}
      propertyPath: m_Layer
      value: 6
      objectReference: {fileID: 0}
    m_RemovedComponents: []
  m_SourcePrefab: {fileID: 100100000, guid: 9e7e833dfcd3cad4c84fd9558e604e4e, type: 3}
--- !u!4 &2861011024516094571 stripped
Transform:
  m_CorrespondingSourceObject: {fileID: -8679921383154817045, guid: 9e7e833dfcd3cad4c84fd9558e604e4e,
    type: 3}
  m_PrefabInstance: {fileID: 2323544197912558976}
  m_PrefabAsset: {fileID: 0}
--- !u!1 &3242463032146804945 stripped
GameObject:
  m_CorrespondingSourceObject: {fileID: 919132149155446097, guid: 9e7e833dfcd3cad4c84fd9558e604e4e,
    type: 3}
  m_PrefabInstance: {fileID: 2323544197912558976}
  m_PrefabAsset: {fileID: 0}
--- !u!54 &654760268
Rigidbody:
  m_ObjectHideFlags: 0
  m_CorrespondingSourceObject: {fileID: 0}
  m_PrefabInstance: {fileID: 0}
  m_PrefabAsset: {fileID: 0}
  m_GameObject: {fileID: 3242463032146804945}
  serializedVersion: 2
  m_Mass: 1
  m_Drag: 0
  m_AngularDrag: 0.05
  m_UseGravity: 1
  m_IsKinematic: 0
  m_Interpolate: 0
  m_Constraints: 122
  m_CollisionDetection: 0
--- !u!65 &654760269
BoxCollider:
  m_ObjectHideFlags: 0
  m_CorrespondingSourceObject: {fileID: 0}
  m_PrefabInstance: {fileID: 0}
  m_PrefabAsset: {fileID: 0}
  m_GameObject: {fileID: 3242463032146804945}
  m_Material: {fileID: 0}
  m_IsTrigger: 0
  m_Enabled: 1
  serializedVersion: 2
  m_Size: {x: 1.4407866, y: 2.2408829, z: 2}
  m_Center: {x: 0.47981128, y: 0.8795839, z: 0}
--- !u!114 &654760267
MonoBehaviour:
  m_ObjectHideFlags: 0
  m_CorrespondingSourceObject: {fileID: 0}
  m_PrefabInstance: {fileID: 0}
  m_PrefabAsset: {fileID: 0}
  m_GameObject: {fileID: 3242463032146804945}
  m_Enabled: 1
  m_EditorHideFlags: 0
  m_Script: {fileID: 11500000, guid: 84acdbaca5b6447097feb36c07eef96b, type: 3}
  m_Name: 
  m_EditorClassIdentifier: 
  BuildPartLevel: 5
  HP: 0
  _objectToOff: {fileID: 0}
--- !u!1001 &2323544198602591839
PrefabInstance:
  m_ObjectHideFlags: 0
  serializedVersion: 2
  m_Modification:
    m_TransformParent: {fileID: 2323544199280262653}
    m_Modifications:
    - target: {fileID: -8679921383154817045, guid: 8cd896765fb5094409224e705cdf2ef5,
        type: 3}
      propertyPath: m_RootOrder
      value: 1
      objectReference: {fileID: 0}
    - target: {fileID: -8679921383154817045, guid: 8cd896765fb5094409224e705cdf2ef5,
        type: 3}
      propertyPath: m_LocalPosition.x
      value: 0
      objectReference: {fileID: 0}
    - target: {fileID: -8679921383154817045, guid: 8cd896765fb5094409224e705cdf2ef5,
        type: 3}
      propertyPath: m_LocalPosition.y
      value: 0
      objectReference: {fileID: 0}
    - target: {fileID: -8679921383154817045, guid: 8cd896765fb5094409224e705cdf2ef5,
        type: 3}
      propertyPath: m_LocalPosition.z
      value: 0
      objectReference: {fileID: 0}
    - target: {fileID: -8679921383154817045, guid: 8cd896765fb5094409224e705cdf2ef5,
        type: 3}
      propertyPath: m_LocalRotation.w
      value: 1
      objectReference: {fileID: 0}
    - target: {fileID: -8679921383154817045, guid: 8cd896765fb5094409224e705cdf2ef5,
        type: 3}
      propertyPath: m_LocalRotation.x
      value: -0
      objectReference: {fileID: 0}
    - target: {fileID: -8679921383154817045, guid: 8cd896765fb5094409224e705cdf2ef5,
        type: 3}
      propertyPath: m_LocalRotation.y
      value: -0
      objectReference: {fileID: 0}
    - target: {fileID: -8679921383154817045, guid: 8cd896765fb5094409224e705cdf2ef5,
        type: 3}
      propertyPath: m_LocalRotation.z
      value: -0
      objectReference: {fileID: 0}
    - target: {fileID: -8679921383154817045, guid: 8cd896765fb5094409224e705cdf2ef5,
        type: 3}
      propertyPath: m_LocalEulerAnglesHint.x
      value: 0
      objectReference: {fileID: 0}
    - target: {fileID: -8679921383154817045, guid: 8cd896765fb5094409224e705cdf2ef5,
        type: 3}
      propertyPath: m_LocalEulerAnglesHint.y
      value: 0
      objectReference: {fileID: 0}
    - target: {fileID: -8679921383154817045, guid: 8cd896765fb5094409224e705cdf2ef5,
        type: 3}
      propertyPath: m_LocalEulerAnglesHint.z
      value: 0
      objectReference: {fileID: 0}
    - target: {fileID: -5418772189743769739, guid: 8cd896765fb5094409224e705cdf2ef5,
        type: 3}
      propertyPath: m_Layer
      value: 7
      objectReference: {fileID: 0}
    - target: {fileID: -4688525907698599471, guid: 8cd896765fb5094409224e705cdf2ef5,
        type: 3}
      propertyPath: m_Layer
      value: 7
      objectReference: {fileID: 0}
    - target: {fileID: 919132149155446097, guid: 8cd896765fb5094409224e705cdf2ef5,
        type: 3}
      propertyPath: m_Name
      value: destroyed wall_door purple
      objectReference: {fileID: 0}
    - target: {fileID: 919132149155446097, guid: 8cd896765fb5094409224e705cdf2ef5,
        type: 3}
      propertyPath: m_Layer
      value: 7
      objectReference: {fileID: 0}
    - target: {fileID: 919132149155446097, guid: 8cd896765fb5094409224e705cdf2ef5,
        type: 3}
      propertyPath: m_IsActive
      value: 0
      objectReference: {fileID: 0}
    - target: {fileID: 1018621352986351364, guid: 8cd896765fb5094409224e705cdf2ef5,
        type: 3}
      propertyPath: m_Layer
      value: 7
      objectReference: {fileID: 0}
    - target: {fileID: 1779370320469813320, guid: 8cd896765fb5094409224e705cdf2ef5,
        type: 3}
      propertyPath: m_Layer
      value: 7
      objectReference: {fileID: 0}
    - target: {fileID: 2882282819452132038, guid: 8cd896765fb5094409224e705cdf2ef5,
        type: 3}
      propertyPath: m_Layer
      value: 7
      objectReference: {fileID: 0}
    - target: {fileID: 4002521103358512544, guid: 8cd896765fb5094409224e705cdf2ef5,
        type: 3}
      propertyPath: m_Layer
      value: 7
      objectReference: {fileID: 0}
    - target: {fileID: 4604481932534166843, guid: 8cd896765fb5094409224e705cdf2ef5,
        type: 3}
      propertyPath: m_Layer
      value: 7
      objectReference: {fileID: 0}
    - target: {fileID: 5516012655832253239, guid: 8cd896765fb5094409224e705cdf2ef5,
        type: 3}
      propertyPath: m_Layer
      value: 7
      objectReference: {fileID: 0}
    - target: {fileID: 6139522176620938743, guid: 8cd896765fb5094409224e705cdf2ef5,
        type: 3}
      propertyPath: m_Layer
      value: 7
      objectReference: {fileID: 0}
    m_RemovedComponents: []
  m_SourcePrefab: {fileID: 100100000, guid: 8cd896765fb5094409224e705cdf2ef5, type: 3}
--- !u!1 &558745246373467289 stripped
GameObject:
  m_CorrespondingSourceObject: {fileID: 2882282819452132038, guid: 8cd896765fb5094409224e705cdf2ef5,
    type: 3}
  m_PrefabInstance: {fileID: 2323544198602591839}
  m_PrefabAsset: {fileID: 0}
--- !u!54 &654760280
Rigidbody:
  m_ObjectHideFlags: 0
  m_CorrespondingSourceObject: {fileID: 0}
  m_PrefabInstance: {fileID: 0}
  m_PrefabAsset: {fileID: 0}
  m_GameObject: {fileID: 558745246373467289}
  serializedVersion: 2
  m_Mass: 1
  m_Drag: 0
  m_AngularDrag: 0.05
  m_UseGravity: 1
  m_IsKinematic: 0
  m_Interpolate: 0
  m_Constraints: 0
  m_CollisionDetection: 0
--- !u!65 &654760281
BoxCollider:
  m_ObjectHideFlags: 0
  m_CorrespondingSourceObject: {fileID: 0}
  m_PrefabInstance: {fileID: 0}
  m_PrefabAsset: {fileID: 0}
  m_GameObject: {fileID: 558745246373467289}
  m_Material: {fileID: 0}
  m_IsTrigger: 0
  m_Enabled: 1
  serializedVersion: 2
  m_Size: {x: 0.48404288, y: 0.9124676, z: 1.4401429}
  m_Center: {x: -0.006205298, y: 0.045833275, z: 0.042672157}
--- !u!114 &654760279
MonoBehaviour:
  m_ObjectHideFlags: 0
  m_CorrespondingSourceObject: {fileID: 0}
  m_PrefabInstance: {fileID: 0}
  m_PrefabAsset: {fileID: 0}
  m_GameObject: {fileID: 558745246373467289}
  m_Enabled: 1
  m_EditorHideFlags: 0
  m_Script: {fileID: 11500000, guid: c5ff0eb8410e400d8f069da1c3a35d6f, type: 3}
  m_Name: 
  m_EditorClassIdentifier: 
--- !u!1 &1509343885819517226 stripped
GameObject:
  m_CorrespondingSourceObject: {fileID: -5418772189743769739, guid: 8cd896765fb5094409224e705cdf2ef5,
    type: 3}
  m_PrefabInstance: {fileID: 2323544198602591839}
  m_PrefabAsset: {fileID: 0}
--- !u!54 &1802633975
Rigidbody:
  m_ObjectHideFlags: 0
  m_CorrespondingSourceObject: {fileID: 0}
  m_PrefabInstance: {fileID: 0}
  m_PrefabAsset: {fileID: 0}
  m_GameObject: {fileID: 1509343885819517226}
  serializedVersion: 2
  m_Mass: 1
  m_Drag: 0
  m_AngularDrag: 0.05
  m_UseGravity: 1
  m_IsKinematic: 0
  m_Interpolate: 0
  m_Constraints: 0
  m_CollisionDetection: 0
--- !u!65 &1802633976
BoxCollider:
  m_ObjectHideFlags: 0
  m_CorrespondingSourceObject: {fileID: 0}
  m_PrefabInstance: {fileID: 0}
  m_PrefabAsset: {fileID: 0}
  m_GameObject: {fileID: 1509343885819517226}
  m_Material: {fileID: 0}
  m_IsTrigger: 0
  m_Enabled: 1
  serializedVersion: 2
  m_Size: {x: 0.48404288, y: 1.0279566, z: 1.0474632}
  m_Center: {x: -0.000000014901161, y: 0.03274007, z: 0.0822587}
--- !u!114 &1802633974
MonoBehaviour:
  m_ObjectHideFlags: 0
  m_CorrespondingSourceObject: {fileID: 0}
  m_PrefabInstance: {fileID: 0}
  m_PrefabAsset: {fileID: 0}
  m_GameObject: {fileID: 1509343885819517226}
  m_Enabled: 1
  m_EditorHideFlags: 0
  m_Script: {fileID: 11500000, guid: c5ff0eb8410e400d8f069da1c3a35d6f, type: 3}
  m_Name: 
  m_EditorClassIdentifier: 
--- !u!1 &1708320698995360767 stripped
GameObject:
  m_CorrespondingSourceObject: {fileID: 4002521103358512544, guid: 8cd896765fb5094409224e705cdf2ef5,
    type: 3}
  m_PrefabInstance: {fileID: 2323544198602591839}
  m_PrefabAsset: {fileID: 0}
--- !u!54 &1580689875
Rigidbody:
  m_ObjectHideFlags: 0
  m_CorrespondingSourceObject: {fileID: 0}
  m_PrefabInstance: {fileID: 0}
  m_PrefabAsset: {fileID: 0}
  m_GameObject: {fileID: 1708320698995360767}
  serializedVersion: 2
  m_Mass: 1
  m_Drag: 0
  m_AngularDrag: 0.05
  m_UseGravity: 1
  m_IsKinematic: 0
  m_Interpolate: 0
  m_Constraints: 0
  m_CollisionDetection: 0
--- !u!65 &1580689876
BoxCollider:
  m_ObjectHideFlags: 0
  m_CorrespondingSourceObject: {fileID: 0}
  m_PrefabInstance: {fileID: 0}
  m_PrefabAsset: {fileID: 0}
  m_GameObject: {fileID: 1708320698995360767}
  m_Material: {fileID: 0}
  m_IsTrigger: 0
  m_Enabled: 1
  serializedVersion: 2
  m_Size: {x: 0.17232043, y: 0.49661067, z: 0.5565393}
  m_Center: {x: 0.017473374, y: 0.4596601, z: 0.00000008940697}
--- !u!114 &1580689874
MonoBehaviour:
  m_ObjectHideFlags: 0
  m_CorrespondingSourceObject: {fileID: 0}
  m_PrefabInstance: {fileID: 0}
  m_PrefabAsset: {fileID: 0}
  m_GameObject: {fileID: 1708320698995360767}
  m_Enabled: 1
  m_EditorHideFlags: 0
  m_Script: {fileID: 11500000, guid: c5ff0eb8410e400d8f069da1c3a35d6f, type: 3}
  m_Name: 
  m_EditorClassIdentifier: 
--- !u!1 &2220804187082995598 stripped
GameObject:
  m_CorrespondingSourceObject: {fileID: -4688525907698599471, guid: 8cd896765fb5094409224e705cdf2ef5,
    type: 3}
  m_PrefabInstance: {fileID: 2323544198602591839}
  m_PrefabAsset: {fileID: 0}
--- !u!54 &1667185531
Rigidbody:
  m_ObjectHideFlags: 0
  m_CorrespondingSourceObject: {fileID: 0}
  m_PrefabInstance: {fileID: 0}
  m_PrefabAsset: {fileID: 0}
  m_GameObject: {fileID: 2220804187082995598}
  serializedVersion: 2
  m_Mass: 1
  m_Drag: 0
  m_AngularDrag: 0.05
  m_UseGravity: 1
  m_IsKinematic: 0
  m_Interpolate: 0
  m_Constraints: 0
  m_CollisionDetection: 0
--- !u!65 &1667185532
BoxCollider:
  m_ObjectHideFlags: 0
  m_CorrespondingSourceObject: {fileID: 0}
  m_PrefabInstance: {fileID: 0}
  m_PrefabAsset: {fileID: 0}
  m_GameObject: {fileID: 2220804187082995598}
  m_Material: {fileID: 0}
  m_IsTrigger: 0
  m_Enabled: 1
  serializedVersion: 2
  m_Size: {x: 1.4407868, y: 0.72492933, z: 1.3923206}
  m_Center: {x: 0.32085398, y: -0.17538567, z: -0.039152652}
--- !u!114 &1667185530
MonoBehaviour:
  m_ObjectHideFlags: 0
  m_CorrespondingSourceObject: {fileID: 0}
  m_PrefabInstance: {fileID: 0}
  m_PrefabAsset: {fileID: 0}
  m_GameObject: {fileID: 2220804187082995598}
  m_Enabled: 1
  m_EditorHideFlags: 0
  m_Script: {fileID: 11500000, guid: c5ff0eb8410e400d8f069da1c3a35d6f, type: 3}
  m_Name: 
  m_EditorClassIdentifier: 
--- !u!1 &2294730036261403492 stripped
GameObject:
  m_CorrespondingSourceObject: {fileID: 4604481932534166843, guid: 8cd896765fb5094409224e705cdf2ef5,
    type: 3}
  m_PrefabInstance: {fileID: 2323544198602591839}
  m_PrefabAsset: {fileID: 0}
--- !u!54 &257916692
Rigidbody:
  m_ObjectHideFlags: 0
  m_CorrespondingSourceObject: {fileID: 0}
  m_PrefabInstance: {fileID: 0}
  m_PrefabAsset: {fileID: 0}
  m_GameObject: {fileID: 2294730036261403492}
  serializedVersion: 2
  m_Mass: 1
  m_Drag: 0
  m_AngularDrag: 0.05
  m_UseGravity: 1
  m_IsKinematic: 0
  m_Interpolate: 0
  m_Constraints: 0
  m_CollisionDetection: 0
--- !u!65 &257916693
BoxCollider:
  m_ObjectHideFlags: 0
  m_CorrespondingSourceObject: {fileID: 0}
  m_PrefabInstance: {fileID: 0}
  m_PrefabAsset: {fileID: 0}
  m_GameObject: {fileID: 2294730036261403492}
  m_Material: {fileID: 0}
  m_IsTrigger: 0
  m_Enabled: 1
  serializedVersion: 2
  m_Size: {x: 0.4840429, y: 1.514086, z: 0.7217304}
  m_Center: {x: 0.007284507, y: 0.04186535, z: -0.06282821}
--- !u!114 &257916691
MonoBehaviour:
  m_ObjectHideFlags: 0
  m_CorrespondingSourceObject: {fileID: 0}
  m_PrefabInstance: {fileID: 0}
  m_PrefabAsset: {fileID: 0}
  m_GameObject: {fileID: 2294730036261403492}
  m_Enabled: 1
  m_EditorHideFlags: 0
  m_Script: {fileID: 11500000, guid: c5ff0eb8410e400d8f069da1c3a35d6f, type: 3}
  m_Name: 
  m_EditorClassIdentifier: 
--- !u!4 &2861011023851022772 stripped
Transform:
  m_CorrespondingSourceObject: {fileID: -8679921383154817045, guid: 8cd896765fb5094409224e705cdf2ef5,
    type: 3}
  m_PrefabInstance: {fileID: 2323544198602591839}
  m_PrefabAsset: {fileID: 0}
--- !u!1 &3322598357007964507 stripped
GameObject:
  m_CorrespondingSourceObject: {fileID: 1018621352986351364, guid: 8cd896765fb5094409224e705cdf2ef5,
    type: 3}
  m_PrefabInstance: {fileID: 2323544198602591839}
  m_PrefabAsset: {fileID: 0}
--- !u!54 &654760283
Rigidbody:
  m_ObjectHideFlags: 0
  m_CorrespondingSourceObject: {fileID: 0}
  m_PrefabInstance: {fileID: 0}
  m_PrefabAsset: {fileID: 0}
  m_GameObject: {fileID: 3322598357007964507}
  serializedVersion: 2
  m_Mass: 1
  m_Drag: 0
  m_AngularDrag: 0.05
  m_UseGravity: 1
  m_IsKinematic: 0
  m_Interpolate: 0
  m_Constraints: 0
  m_CollisionDetection: 0
--- !u!65 &654760284
BoxCollider:
  m_ObjectHideFlags: 0
  m_CorrespondingSourceObject: {fileID: 0}
  m_PrefabInstance: {fileID: 0}
  m_PrefabAsset: {fileID: 0}
  m_GameObject: {fileID: 3322598357007964507}
  m_Material: {fileID: 0}
  m_IsTrigger: 0
  m_Enabled: 1
  serializedVersion: 2
  m_Size: {x: 0.13737346, y: 0.34219092, z: 0.5565393}
  m_Center: {x: -0.00000012665987, y: 0.17109546, z: 0.00000008940697}
--- !u!114 &654760282
MonoBehaviour:
  m_ObjectHideFlags: 0
  m_CorrespondingSourceObject: {fileID: 0}
  m_PrefabInstance: {fileID: 0}
  m_PrefabAsset: {fileID: 0}
  m_GameObject: {fileID: 3322598357007964507}
  m_Enabled: 1
  m_EditorHideFlags: 0
  m_Script: {fileID: 11500000, guid: c5ff0eb8410e400d8f069da1c3a35d6f, type: 3}
  m_Name: 
  m_EditorClassIdentifier: 
--- !u!1 &4075604565756044823 stripped
GameObject:
  m_CorrespondingSourceObject: {fileID: 1779370320469813320, guid: 8cd896765fb5094409224e705cdf2ef5,
    type: 3}
  m_PrefabInstance: {fileID: 2323544198602591839}
  m_PrefabAsset: {fileID: 0}
--- !u!54 &522280813
Rigidbody:
  m_ObjectHideFlags: 0
  m_CorrespondingSourceObject: {fileID: 0}
  m_PrefabInstance: {fileID: 0}
  m_PrefabAsset: {fileID: 0}
  m_GameObject: {fileID: 4075604565756044823}
  serializedVersion: 2
  m_Mass: 1
  m_Drag: 0
  m_AngularDrag: 0.05
  m_UseGravity: 1
  m_IsKinematic: 0
  m_Interpolate: 0
  m_Constraints: 0
  m_CollisionDetection: 0
--- !u!65 &522280814
BoxCollider:
  m_ObjectHideFlags: 0
  m_CorrespondingSourceObject: {fileID: 0}
  m_PrefabInstance: {fileID: 0}
  m_PrefabAsset: {fileID: 0}
  m_GameObject: {fileID: 4075604565756044823}
  m_Material: {fileID: 0}
  m_IsTrigger: 0
  m_Enabled: 1
  serializedVersion: 2
  m_Size: {x: 0.13737346, y: 0.42275327, z: 0.42298695}
  m_Center: {x: -0.00000009685755, y: 0.8088769, z: 0.06677626}
--- !u!114 &522280812
MonoBehaviour:
  m_ObjectHideFlags: 0
  m_CorrespondingSourceObject: {fileID: 0}
  m_PrefabInstance: {fileID: 0}
  m_PrefabAsset: {fileID: 0}
  m_GameObject: {fileID: 4075604565756044823}
  m_Enabled: 1
  m_EditorHideFlags: 0
  m_Script: {fileID: 11500000, guid: c5ff0eb8410e400d8f069da1c3a35d6f, type: 3}
  m_Name: 
  m_EditorClassIdentifier: 
--- !u!1 &7832379233900973416 stripped
GameObject:
  m_CorrespondingSourceObject: {fileID: 5516012655832253239, guid: 8cd896765fb5094409224e705cdf2ef5,
    type: 3}
  m_PrefabInstance: {fileID: 2323544198602591839}
  m_PrefabAsset: {fileID: 0}
--- !u!54 &96416538
Rigidbody:
  m_ObjectHideFlags: 0
  m_CorrespondingSourceObject: {fileID: 0}
  m_PrefabInstance: {fileID: 0}
  m_PrefabAsset: {fileID: 0}
  m_GameObject: {fileID: 7832379233900973416}
  serializedVersion: 2
  m_Mass: 1
  m_Drag: 0
  m_AngularDrag: 0.05
  m_UseGravity: 1
  m_IsKinematic: 0
  m_Interpolate: 0
  m_Constraints: 0
  m_CollisionDetection: 0
--- !u!65 &96416539
BoxCollider:
  m_ObjectHideFlags: 0
  m_CorrespondingSourceObject: {fileID: 0}
  m_PrefabInstance: {fileID: 0}
  m_PrefabAsset: {fileID: 0}
  m_GameObject: {fileID: 7832379233900973416}
  m_Material: {fileID: 0}
  m_IsTrigger: 0
  m_Enabled: 1
  serializedVersion: 2
  m_Size: {x: 0.13737346, y: 0.66415775, z: 0.3818203}
  m_Center: {x: -0.00000009685755, y: 0.68817466, z: -0.08735941}
--- !u!114 &96416537
MonoBehaviour:
  m_ObjectHideFlags: 0
  m_CorrespondingSourceObject: {fileID: 0}
  m_PrefabInstance: {fileID: 0}
  m_PrefabAsset: {fileID: 0}
  m_GameObject: {fileID: 7832379233900973416}
  m_Enabled: 1
  m_EditorHideFlags: 0
  m_Script: {fileID: 11500000, guid: c5ff0eb8410e400d8f069da1c3a35d6f, type: 3}
  m_Name: 
  m_EditorClassIdentifier: 
--- !u!1 &8434421622881864616 stripped
GameObject:
  m_CorrespondingSourceObject: {fileID: 6139522176620938743, guid: 8cd896765fb5094409224e705cdf2ef5,
    type: 3}
  m_PrefabInstance: {fileID: 2323544198602591839}
  m_PrefabAsset: {fileID: 0}
--- !u!54 &987505142
Rigidbody:
  m_ObjectHideFlags: 0
  m_CorrespondingSourceObject: {fileID: 0}
  m_PrefabInstance: {fileID: 0}
  m_PrefabAsset: {fileID: 0}
  m_GameObject: {fileID: 8434421622881864616}
  serializedVersion: 2
  m_Mass: 1
  m_Drag: 0
  m_AngularDrag: 0.05
  m_UseGravity: 1
  m_IsKinematic: 0
  m_Interpolate: 0
  m_Constraints: 0
  m_CollisionDetection: 0
--- !u!65 &987505143
BoxCollider:
  m_ObjectHideFlags: 0
  m_CorrespondingSourceObject: {fileID: 0}
  m_PrefabInstance: {fileID: 0}
  m_PrefabAsset: {fileID: 0}
  m_GameObject: {fileID: 8434421622881864616}
  m_Material: {fileID: 0}
  m_IsTrigger: 0
  m_Enabled: 1
  serializedVersion: 2
  m_Size: {x: 0.48404297, y: 1.1394242, z: 0.72173023}
  m_Center: {x: 0.000000029802322, y: -0.013623774, z: 0.114054374}
--- !u!114 &987505141
MonoBehaviour:
  m_ObjectHideFlags: 0
  m_CorrespondingSourceObject: {fileID: 0}
  m_PrefabInstance: {fileID: 0}
  m_PrefabAsset: {fileID: 0}
  m_GameObject: {fileID: 8434421622881864616}
  m_Enabled: 1
  m_EditorHideFlags: 0
  m_Script: {fileID: 11500000, guid: c5ff0eb8410e400d8f069da1c3a35d6f, type: 3}
  m_Name: 
  m_EditorClassIdentifier: 
